 Dungeon Crawl Stone Soup version 0.28-a0-751-gef3a642a4e (webtiles) character file.

Game seed: 5615344933843242598

56 KoroneIsBestGirl the Chiller (level 3, 0/26 HPs)
             Began as a Demigod Ice Elementalist on Oct 31, 2021.
             Succumbed to Sigmund's poison
             ... on level 2 of the Dungeon.
             The game lasted 00:03:04 (2614 turns).

KoroneIsBestGirl the Chiller (DgIE)                 Turns: 2614, Time: 00:03:04

Health: 0/26       AC:  2    Str:  9    XL:     3   Next: 47%
Magic:  6/9        EV: 12    Int: 21    God:
Gold:   37         SH:  0    Dex: 14    Spells: 2/6 levels left

rFire   x . .      SeeInvis .   d - +0 dagger
rCold   + . .      Faith    .   (no shield)
rNeg    . . .      Spirit   .   a - +0 robe
rPois   .          Reflect  .   (no helmet)
rElec   .          Harm     .   (no cloak)
rCorr   .          Rampage  .   (no gloves)
Will    .....                   (no boots)
Stlth   ++........              (no amulet)
HPRegen 0.08/turn               i - ring of ice
MPRegen 0.11/turn               (no ring)

@: lethally poisoned (0 -> -5)
A: high mp 1, forlorn
a: no special abilities


You were on level 2 of the Dungeon.
You visited 1 branch of the dungeon, and saw 2 of its levels.

You collected 37 gold pieces.

Inventory:

Hand Weapons
 d - a +0 dagger (weapon)
Armour
 a - a +0 robe (worn)
Jewellery
 i - a ring of ice (left hand)
Scrolls
 b - a scroll of vulnerability {unknown}
 c - 2 scrolls of blinking {unknown}
 e - a scroll of fog {unknown}
 g - a scroll of teleportation {unknown}
 j - a scroll of identify {unknown}
Potions
 f - 2 potions of heal wounds {unknown}
 h - a potion of curing {unknown}
 k - a potion of might {unknown}


   Skills:
 + Level 2.5 Dodging
 - Level 1.7 Stealth
 + Level 2.4 Spellcasting
 + Level 4.1 Ice Magic


You had 2 spell levels left.
You knew the following spells:

 Your Spells              Type           Power      Damage    Failure   Level
a - Freeze                Ice            100%       1d11      2%          1
b - Frozen Ramparts       Ice            58%        1d7       8%          3

Your spell library contained the following spells:

 Spells                   Type           Power      Damage    Failure   Level
 Ozocubu's Armour         Ice            29%        N/A       8%          3
 Hailstorm                Conj/Ice       16%        3d6       52%         4


Dungeon Overview and Level Annotations

Branches:
Dungeon (2/15)

Annotations:
D:2 Sigmund


Innate Abilities, Weirdness & Mutations

Your attributes grow dramatically as you level up.
You have an increased reservoir of magic. (+10% MP)
You shall have no god before yourself.


Message History

Found a stone staircase leading down.
A quokka and a jackal come into view.
The jackal barks!
You hear a shout!
There are monsters nearby!
There are monsters nearby!
A kobold comes into view. It is wielding a +0 dagger.
The jackal bites you but does no damage.
Sigmund screams, "Die, monster!"
The quokka closely misses you. The jackal barely misses you.
You closely miss the quokka. The quokka misses you. The jackal bites you.
You feel a surge of power!
You freeze the quokka!
You kill the quokka!
The jackal closely misses you.
Sigmund casts a spell.
Sigmund flickers and vanishes!
Deactivating autopickup; reactivate with Ctrl-A.
You feel a surge of power!
You freeze the jackal.
The jackal is lightly wounded.
The jackal closely misses you. The jackal bites you.
You feel a surge of power!
You freeze the jackal.
The jackal is severely wounded.
The jackal bites you but does no damage.
You feel a surge of power!
You freeze the jackal.
You kill the jackal!
Something hits you!
You are poisoned.
You can't see any susceptible monsters within range! (Use Z to cast anyway.)
You can't see any susceptible monsters within range! (Use Z to cast anyway.)
You feel very sick.
You hit the kobold but do no damage.
You feel sick. The kobold closely misses you.
A magic dart appears from out of thin air!
The magic dart hits you.
* * * LOW HITPOINT WARNING * * *
* * * LOW HITPOINT WARNING * * *
You feel sick. The kobold hits you with a +0 dagger.
* * * LOW HITPOINT WARNING * * *
* * * LOW HITPOINT WARNING * * *
You feel sick. The kobold barely misses you.
You die...

..P.P.....# ....P..♣...#
#...♣..P...# ##..♣._..P..#
######...♣....[..#
............♣....#
......#..........#
#####......##.......#.#########
..>........†{...@......<.......
..............K...###.#########
####...#######.##.# #.#
#.##.###.#### #...........#
#####.##.##.# #.##.##.#
############ #..#.##.#
..)........# ##.#.##.#


You could see a kobold.

Vanquished Creatures
  Robin (D:2)
  A worm (D:2)
  3 bats
  2 endoplasms
  8 goblins
  6 hobgoblins
  3 jackals (D:2)
  3 quokkas
  3 ball pythons (D:1)
  3 frilled lizards (D:1)
  3 kobolds
  2 rats (D:1)
38 creatures vanquished.

Vanquished Creatures (others)
  5 fungi (D:2)
  4 plants (D:2)
9 creatures vanquished.

Grand Total: 47 creatures vanquished

Notes
Turn   | Place    | Note
-------+----------+-------------------------------------------
     0 | D:1      | KoroneIsBestGirl the Demigod Ice Elementalist began the
                  | quest for the Orb.
     0 | D:1      | Reached XP level 1. HP: 14/14 MP: 5/5
   761 | D:1      | Reached XP level 2. HP: 20/20 MP: 5/7
  1477 | D:2      | Noticed Sigmund
  1872 | D:2      | Reached skill level 4 in Ice Magic
  1986 | D:2      | Noticed Robin
  1988 | D:2      | Reached XP level 3. HP: 21/26 MP: 7/9
  2003 | D:1      | Learned a level 3 spell: Frozen Ramparts
  2437 | D:2      | Killed Robin
  2613 | D:2      | HP: 1/26 [poisoned by Sigmund]
  2614 | D:2      | Succumbed to Sigmund's poison

Illustrated notes

Levels and vault maps discovered:
D:1:      minmay_arrival_stair_chambers, layout_basic
D:2:      layout_basic, dreamdust_ecumenical_altar_grove, uniq_robin,
          uniq_sigmund

Skill      XL: |  1  2 |
---------------+-------+-----
Dodging        | 2 |  2.5
Spellcasting   | 2 |  2.4
Ice Magic      | 4 |  4.1
Stealth        | |  1.7

Action                   || total
-------------------------++-------
Melee: Dagger            ||    15
       Unarmed           ||     1
 Cast: Freeze            ||    50
       Frozen Ramparts   ||     1
Armor: Robe              ||     9
Dodge: Dodged            ||    53

Table legend: (Time is in decaauts)
 A = Elapsed time spent in this place.
 B = Non-inter-level travel time spent in this place.
 C = Inter-level travel time spent in this place.
 D = Time resting spent in this place.
 E = Time spent auto-exploring this place.
 F = Levels seen in this place.
 G = Mean time per level.
                   A        B        C        D        E       F      G
               +--------+--------+--------+--------+--------+-----+--------+
         Total |   2615 |   2586 |     29 |    783 |   1539 |   2 | 1307.5 |
       Dungeon |   2615 |   2586 |     29 |    783 |   1539 |   2 | 1307.5 |
               +--------+--------+--------+--------+--------+-----+--------+

Top non-repeatable levels by time:
     D:1: 2150 daAuts
     D:2: 465 daAuts
